 Dungeon Crawl Stone Soup version 0.20-a0-924-gfa95efa (webtiles) character file.

30 M4edhros the Shield-Bearer (level 3, -6/29 HPs)
             Began as a Formicid Fighter on Mar 26, 2017.
             Mangled by an ogre
             ... wielding a cursed -1 giant club
              (18 damage)
             ... on level 3 of the Dungeon on Mar 27, 2017.
             The game lasted 00:01:19 (456 turns).

M4edhros the Shield-Bearer (Formicid Fighter)        Turns: 456, Time: 00:01:20

Health: -6/29      AC:  6    Str: 20    XL:     3   Next: 35%
Magic:  3/3        EV:  7    Int:  7    God:
Gold:   49         SH:  9    Dex: 11    Spells: 2/2 levels left

rFire    . . .     SeeInvis +   a - +0 trident
rCold    . . .     Gourm    .   c - +0 shield
rNeg     . . .     Faith    .   b - +0 scale mail
rPois    .         Spirit   .   (helmet unavailable)
rElec    .         Reflect  .   (no cloak)
rCorr    .         Harm     .   (no gloves)
MR       .....                  (no boots)
Stlth    ..........             (no amulet)
Regen    0.1/turn               (no ring)
MPRegen  0.1/turn               (no ring)

@: no status effects
A: permanent stasis, dig shafts and tunnels, four strong arms, antennae 3
a: Dig, Shaft Self


You were on level 3 of the Dungeon.
You were not hungry.

You visited 1 branch of the dungeon, and saw 3 of its levels.

You collected 49 gold pieces.

Inventory:

Hand Weapons
 a - a +0 trident (weapon)
Armour
 b - a +0 scale mail (worn)
 c - a +0 shield (worn)
Scrolls
 g - a scroll of random uselessness {unknown}
 j - a scroll of fog {unknown}
Potions
 d - a potion of might
 h - a potion of flight {unknown}
Comestibles
 f - 2 bread rations
 i - a meat ration


   Skills:
 - Level 3.2 Fighting
 + Level 3.5 Polearms
 - Level 3.2 Armour
 - Level 3.6 Shields


You had 2 spell levels left.
You didn't know any spells.

Dungeon Overview and Level Annotations

Branches:
Dungeon (3/15)

Altars:

Annotations:
D:3 Robin


Innate Abilities, Weirdness & Mutations

You cannot be hasted, slowed, berserked, paralysed or teleported.
You can dig through walls and to a lower floor.
Your four strong arms can wield two-handed weapons with a shield.
You have a pair of large antennae on your head. (SInv)


Message History

You dig through the rock wall.
The bat closely misses you. The bat barely misses you.
Robin roars a battlecry!
The goblins go into a battle-frenzy!
A dart slug comes into view.
You dig through the rock wall.
You block the bat's attack. x2
You dig through the rock wall.
The bat hits you but does no damage. You block the bat's attack.
You dig through the rock wall.
The bat hits you but does no damage. You block the bat's attack.
You retract your mandibles.
The bat misses you. The bat hits you but does no damage.
You block the bat's attack. The bat hits you but does no damage.
An ogre comes into view. It is wielding a giant club.
The ogre shouts!
The bat hits you but does no damage. You block the bat's attack.
You block the ogre's attack. You block the bat's attack.
The ogre hits you with a giant club!!
Ouch! That really hurt!
You die...

.#..#{##
############.# .
...##{###..†.g.{[{{..#
#.#.#
##.##K############
##.#.###r###.#
###........g##.#
......#.####..#.#
≈###.....###g#..# {
#......##b##.# {
#.......O@...#
##......##.####
#..#...###.#
#..#...###.#
#...†...##.#
#..........#
#.#.....#### #.##...##
#.###.##


You could see an ogre, a hobgoblin, a goblin, a bat and a rat.

Vanquished Creatures
  An adder (D:3)
  A dart slug (D:1)
  A giant cockroach (D:1)
  3 goblins
  4 hobgoblins (D:1)
  A ball python (D:3)
  2 bats (D:1)
  2 frilled lizards
  4 rats
19 creatures vanquished.

Notes
Turn   | Place    | Note
-------+----------+-------------------------------------------
     0 | D:1      | M4edhros the Formicid Fighter began the quest for the Orb.
     0 | D:1      | Reached XP level 1. HP: 18/18 MP: 1/1
    95 | D:1      | Reached XP level 2. HP: 24/24 MP: 2/2
   311 | D:3      | Noticed Robin
   339 | D:3      | HP: 1/24 [adder (2)]
   347 | D:3      | Reached XP level 3. HP: 6/29 MP: 3/3
   455 | D:3      | Noticed an ogre
   456 | D:3      | Mangled by an ogre

Vault maps used:
D:1:      matt_arrival_spirals, ashenzari_altar_1
D:2:      tgw_fedhas, uniq_sigmund
D:3:      kennysheep_slug_shrine, minmay_unequal, uniq_natasha, uniq_robin

Skill      XL: |  1  2 |
---------------+-------+-----
Polearms       | 3 |  3.5
Fighting       | |  3.2
Armour         | |  3.2
Shields        | |  3.6

Action                   || total
-------------------------++-------
Melee: Trident           ||    84
 Abil: Dig               ||     4
  Use: Potion            ||     1
Armor: Scale mail        ||    89
Dodge: Dodged            ||    44
Block: Shield            ||    94
